Workbook
Name Decision: [1]lista!$A$6:$A$7
Name PARTICIPACION: [1]lista!$A$15:$A$17
Name Procedencia: [1]lista!$A$2:$A$3
Name tipo: [1]lista!$A$11:$A$13
Name x: [2]lista!$A$11:$A$13

Sheet INFO GENERAL Y FINANCIERA
B8: Formato Información General Y Financiera De Proveedores
B10: Ciudad | M10: Fecha Dd/mm/aa | AD10: Persona Natural
AD11: Persona Jurídica
B12: 1. Información General
B13: 1.1. Identificación.
B14: Personas naturales | F14: Nombre Comercial | U14: Nombres y Apellidos | AK14: Cédula
B16: Personas jurídicas | F16: Razón Social | U16: NIT | AK16: DV
B18: Dirección | U18: Teléfono | AD18: Fax | AK18: Ciudad
B20: Pagina Web | U20: Años de Constitución | AD20: Sector al que pertenece
B22: 1.2. Personas De Contacto
B23: Gerente General | K23: E-mail | U23: Teléfono | AD23: Ext. | AK23: Celular
B25: Director Comercial | K25: E-mail | U25: Teléfono | AD25: Ext. | AK25: Celular
B27: Asesor Comercial | K27: E-mail | U27: Teléfono | AD27: Ext. | AK27: Celular
B29: 1.3. Productos Y Servicios Inscritos En El Rup De Acuerdo Con El Unspsc
B30: Incluir Listado Con Breve Descripción De Los Productos Y/o Servicios Que Ofrece La Compañía, Registrados En El Rup (agregue Las Filas Necesarias) | AK30: Código de Naciones Unidas
B36: 1.4. Códigos CIIU | AK36: 1.5. Número De Empleados
B37: Código De Actividad | F37: Descripción Actividad Económica CIIU | AD37: Tarifa ICA
B41: 2. Información Financiera - A Diciembre 31 De 2012
B42: Nombre Del Indicador | M42: Cuenta | U42: Valores En Pesos | AD42: Indicador
B43: Capacidad Financiera | F43: índice De Liquidez | M43: Activo Corriente --> | AD43: =+IFERROR(U43/U44,0) -> 0 | AK43: Veces
M44: Pasivo Corriente -->
F45: Índice De Endeudamiento | M45: Pasivo Total--> | AD45: =+IFERROR(U45/U46,0) -> 0 | AK45: Porcentaje
M46: Activo Total-->
F47: Razón De Cobertura De Intereses | M47: Utilidad Operacional--> | AD47: =+IFERROR(U47/U48,0) -> 0 | AK47: Veces
M48: Gastos De Interés-->
B49: Capacidad Organizacional | F49: Rentabilidad Del Patrimonio | M49: Utilidad Operacional--> | AD49: =+IFERROR(U49/U50,0) -> 0 | AK49: Porcentaje
M50: Patrimonio-->
F51: Rentabilidad Del Activo | M51: Utilidad Operacional--> | AD51: =+IFERROR(U51/U52,0) -> 0 | AK51: Porcentaje
M52: Activo Total-->
B53: Nota: Para las empresas inspeccionadas, vigiladas o controladas por la Supersociedades, la información consignada en este numeral será validada con la reportada a la Supersociedades y disponible para consulta en Internet mediante el Sistema de Información y Riesgo Empresarial de la Supersociedades (SIREM). Si se evidencian diferencias en los valores consignados en este formato y los reportados a la Supersociedades se tomará como referencia la información del SIREM.
B54: Otra información relevante de la empresa (consigne en este espacio otra información que considere de interés)

Sheet COTIZACION
B10: COTIZACIÓN- PÓLIZAS DE SEGURO
B13: EMPRESA: | E13: NIT: | H13: FECHA:
B14: CONTACTO | E14: CARGO: | H14: TEL. CELULAR :
B15: E-MAIL: | E15: DIRECCIÓN: | H15: TELEFONO FIJO:
B17: Instrucciones para el diligenciamiento del formato de cotización
B18: • Por favor diligenciar solo las celdas en AMARILLO. Se deben llenar todas las casillas. • Revisar todos los requerimientos que se exponen en el documento "Ficha de Condiciones Técnicas" y Anexos; y formular su cotización en concordancia con este. • Asignar precio sin incluir el IVA en las celdas de la columna "F" y asignar la tarifa de IVA que corresponda en las celdas de la columna "G" • El valor de la cotización deber ser expresado en PESOS COLOMBIANOS. • Los valores unitarios deberán aproximarse por exceso o por defecto al entero más cercano. Si la cifra no está aproximada y aparece con centavos, el ICBF aproximará al entero inferior. • No modificar, agregar o quitar ningún ítem o sub-ítem.
B19: Nota (1): Tener en cuenta que el Varlor a asegurar de $4.500.000.000 incluye los $1.700.000.000 de gastos de defensa.
B21: PÓLIZAS DE SEGURO | F21: Valor a Asegurar Básico | G21: Tasa (%) | H21: Tarifa IVA (%) | I21: Prima
B22: GRUPO 1 | D22: Póliza de Seguro de Todo Riesgo Daños Materiales | F22: 611264445640 | I22: =(F22*G22)*(1+H22) -> 0
D23: Póliza de Seguro de Automóviles | E23: 241 vehículos rodantes | F23: 1208332148 | I23: =(F23*G23)*(1+H23) -> 0
D24: Póliza de Seguro de Manejo Global para Entidades Oficiales | F24: 1400000000 | I24: =(F24*G24)*(1+H24) -> 0
D25: Póliza de Seguro de Responsabilidad Civil Extracontractual | F25: 7000000000 | I25: =(F25*G25)*(1+H25) -> 0
D26: Póliza de Seguro Automático de Transporte de Mercancías | F26: 5000000000 | I26: =(F26*G26)*(1+H26) -> 0
D27: Póliza de Seguro Automático de Transporte de Valores | F27: 120000000 | I27: =(F27*G27)*(1+H27) -> 0
G28: TOTAL GRUPO 1 | I28: =SUM(I22:I27) -> 0
B30: GRUPO 2 | D30: Póliza de Seguro de Casco Embarcaciones | E30: 28 embarcaciones y 25 mototes fuera de borda | F30: 674537963 | I30: =(F30*G30)*(1+H30) -> 0
G31: TOTAL GRUPO 2 | I31: =I30 -> 0
B33: GRUPO 3 | D33: Póliza de Seguro Responsabilidad Civil Servidores Públicos - Escenario 1 | E33: Perjucios o detrimientos patrimoniales - evento / agregado anual, combinado con gastos de defensa | F33: 4500000000 | I33: =(F33*G33)*(1+H33) -> 0
E34: Relación de cargos asegurar 73
E35: Gastos de defensa, Sublímite - combianado con perjuicios o detrimientos patrimoniales (1) | F35: 1700000000
E36: Relación de cargos asegurar 73 | F36: 1700000000
G37: TOTAL 73 CARGOS - GRUPO 3 | I37: =I33+I35 -> 0
D38: Póliza de Seguro Responsabilidad Civil Servidores Públicos - Escenario 2 | E38: Perjucios o detrimientos patrimoniales - evento / agregado anual, combinado con gastos de defensa | F38: 4500000000 | I38: =(F38*G38)*(1+H38) -> 0
E39: Relación de cargos asegurar 172
E40: Gastos de defensa, Sublímite - combianado con perjuicios o detrimientos patrimoniales (1) | F40: 1700000000
E41: Relación de cargos asegurar 172 | F41: 1700000000
G42: TOTAL 172 CARGOS - GRUPO 3 | I42: =I38+I40 -> 0
B44: GRUPO 4 | D44: Póliza de Infidelidad y Riesgos Financieros | F44: 14000000000 | I44: =(F44*G44)*(1+H44) -> 0
G45: TOTAL GRUPO 4 | I45: =I44 -> 0
F48: TOTAL POLIZAS DE SEGURO
E50: ESCENARIOS | F50: ESCENARIO 1 | H50: ESCENARIO 2
F51: Grupo1 | G51: =I28 -> 0 | H51: Grupo1 | I51: =I28 -> 0
F52: Grupo 2 | G52: =I31 -> 0 | H52: Grupo 2 | I52: =I31 -> 0
F53: Grupo 3 - 73 cargos | G53: =I37 -> 0 | H53: Grupo 3 -172 cargos | I53: =I42 -> 0
F54: Grupo 4 | G54: =I42 -> 0 | H54: Grupo 4 | I54: =I45 -> 0
F55: Total Escenario 1 | G55: =SUM(G51:G54) -> 0 | H55: Total Escenario 2 | I55: =SUM(I51:I54) -> 0
B57: La presente cotización:
B58: • Incluye todos los costos y gastos directos e indirectos en que debe incurrir el contratista durante la ejecución del contrato de acuerdo con las especificaciones de la Ficha de Condiciones Técnicas, las obligaciones tributarias de acuerdo con las normas aplicables para el tipo de servicio y contrato correspondiente, y los costos de las pólizas. • Se remite como parte del estudio de mercado, previo a la contratación, y no implica ninguna obligación de contratar. • Tiene una vigencia de 90 dias a partir de la fecha de diligenciamiento.
B59: Inscripción en el Registro Único de Proponentes: Las personas naturales y jurídicas, nacionales o extranjeras, con domicilio en Colombia, interesadas en participar en procesos de contratación convocados por las entidades estatales, deben estar inscritas en el RUP, salvo las excepciones previstas de forma taxativa en la ley (Artículo 8 del Decreto 1510 de 2013). Se aclara que esta inscripción no se requiere para remitir cotización durante el estudio de mercado.

Sheet POLIZAS
B9: CONCEPTOS A TENER EN CUENTA PARA REALIZAR LA COTIZACIÓN DE DOTACIÓN INDUSTRIAL
B12: El presente cuadro es de carácter informativo, no se debe diligenciar. Sin embargo se entiende que la cotización incluye la totalidad de los conceptos relacionados a continuación.
B14: POLIZAS PARA LEGALIZACIÓN DEL CONTRATO
B16: CONCEPTO | D16: COBERTURA | E16: PLAZO (En Meses)
B17: Garantía de Seriedad de la oferta | D17: 0.1 | E17: Plazo de Ejecución
B18: Cobertura: Corresponde al porcentaje del valor total del contrato a amparar.

Sheet INFO EXPERIENCIA
B8: EXPERIENCIA EN CONTRATACION EN LOS ULTIMOS 5 AÑOS
B9: EXPERIENCIA EN CONTRATACIÓN EN LOS ÚLTIMOS 5 AÑOS
B11: Empresa: | C11: =IF(COTIZACION!D13="","",COTIZACION!D13) | F11: Nit: | G11: =IF(COTIZACION!F13:G13="","",COTIZACION!F13:G13) | I11: Fecha: | J11: =IF(COTIZACION!I13="","",COTIZACION!I13)
B12: Contacto: | C12: =IF(COTIZACION!D14="","",COTIZACION!D14) | F12: Cargo: | G12: =IF(COTIZACION!F14:G14="","",COTIZACION!F14:G14) | I12: Tel. celular: | J12: =IF(COTIZACION!I14="","",COTIZACION!I14)
B13: E-Mail: | C13: =IF(COTIZACION!D15="","",COTIZACION!D15) | F13: Dirección: | G13: =IF(COTIZACION!F15:G15="","",COTIZACION!F15:G15) | I13: Tel. fijo: | J13: =IF(COTIZACION!I15="","",COTIZACION!I15)
B15: Con el fin de conocer la experiencia con la que cuentan las empresas del sector relacionada con el objeto del presente estudio de mercado, agradecemos diligenciar el cuadro que sigue con base en los contratos suscritos en los últimos 5 años, cuyos objetos están relacionados con el objeto del presente estudio de mercado
B17: Tipo de entidad | C17: Entidad o Empresa | D17: Numero del contrato | E17: Objeto del contrato | F17: Fecha de suscripción (dd/mmm/aa) | G17: Plazo de ejecución (en años) | H17: Forma de participación (UT, consorcio, individual) | I17: % de participación | J17: Valor total ejecutado del contrato (de acuerdo con el % de participación)
B29: Nota: Agregar las filas necesarias para reportar la experiencia
